 Dungeon Crawl Stone Soup version 0.29.0-11-gd7f09526c8 (webtiles) character file.

Game seed: 16382614196863459156

2023 RevDB the Destroyer (level 9, -13/45 HPs)
             Began as a Deep Elf Fire Elementalist on Sept 1, 2022.
             Was a Follower of Vehumet.
             Mangled by a gnoll
             ... wielding a +0 flail
             ... led by a gnoll bouda
              (14 damage)
             ... on level 6 of the Dungeon on Sept 3, 2022.
             The game lasted 00:35:54 (5324 turns).

RevDB the Destroyer (Deep Elf Fire Elementalist)    Turns: 5324, Time: 00:35:55

Health: -13/45     AC:  4    Str:  5    XL:     9   Next: 3%
Magic:  0/17       EV: 12    Int: 25    God:    Vehumet [*.....]
Gold:   375        SH:  0    Dex: 15    Spells: 6/16 levels left

rFire   . . .      SeeInvis .   p - staff of conjuration
rCold   . . .      Faith    .   (no shield)
rNeg    . . .      Spirit   .   a - +1 robe
rPois   +          Reflect  .   (no helmet)
rElec   .          Harm     .   (no cloak)
rCorr   .          Rampage  .   (no gloves)
Will    .....                   v - +0 pair of boots
Stlth   ++........              (no amulet)
HPRegen 0.15/turn               m - ring of poison resistance
MPRegen 0.15/turn               (no ring)

@: no status effects
A: no striking features
a: Renounce Religion


You were on level 6 of the Dungeon.
You worshipped Vehumet.
Vehumet was aware of your devotion.
You visited 1 branch of the dungeon, and saw 6 of its levels.
You also visited: Ossuary.

You collected 375 gold pieces.

Inventory:

Hand Weapons
 o - a +1 dagger of protection
Armour
 a - a +1 robe (worn)
 v - a +0 pair of boots (worn)
Magical Staves
 p - a staff of conjuration (weapon)
Jewellery
 m - a ring of poison resistance (left hand)
Wands
 q - a wand of flame (13)
 x - a wand of charming (9)
Scrolls
 c - 3 scrolls of enchant weapon {unknown}
 h - a scroll of blinking
 i - 5 scrolls of enchant armour
 j - 2 scrolls of magic mapping
 n - 4 scrolls of teleportation {unknown}
 r - a scroll of vulnerability {unknown}
 s - a scroll of silence {unknown}
 u - a scroll of poison {unknown}
 w - 2 scrolls of identify
 y - 2 scrolls of noise {unknown}
Potions
 b - a potion of magic
 d - 3 potions of curing
 e - 2 potions of heal wounds {unknown}
 f - 2 potions of invisibility {unknown}
 g - a potion of attraction {unknown}
 k - 3 potions of degeneration
 l - 4 potions of might
 t - a potion of haste {unknown}
 z - a potion of mutation {unknown}
 A - 3 potions of brilliance {unknown}
 B - a potion of ambrosia {unknown}
 C - a potion of flight {unknown}
 D - a potion of berserk rage {unknown}


   Skills:
 + Level 0.7 Staves
 - Level 2.4 Dodging
 - Level 2.4 Stealth
 - Level 4.0 Spellcasting
 * Level 9.9 Conjurations
 - Level 8.0 Fire Magic
 - Level 3.0 Evocations


You had 6 spell levels left.
You knew the following spells:

 Your Spells              Type           Power      Damage    Failure   Level
a - Foxfire               Conj/Fire      100%       2x1d9     1%          1
b - Scorch                Fire           90%        2d9       1%          2
c - Conjure Flame         Conj/Fire      66%        6-21      1%          3
d - Flame Wave            Conj/Fire      66%        2d15      2%          4

Your spell library contained the following spells:

 Spells                   Type           Power      Damage    Failure   Level
 Magic Dart               Conj           100%       1d8       1%          1
 Inner Flame              Hex/Fire       25%        N/A       5%          3
 Confusing Touch          Hex            5%         N/A       26%         3
 Yara's Violent Unravell  Hex/Tmut       2%         3d3       94%         5
 Enfeeble                 Hex            2%         N/A       100%        7


Dungeon Overview and Level Annotations

Branches:
Dungeon (6/15)            Ossuary (visited)
 Temple: D:4-7

Altars:
Elyvilon
Gozag
Hepliaklqana
Okawaru
Vehumet
Yredelemnul
The Shining One

Shops:
D:2 =


Message History

The gnoll bouda is almost dead.
Casting: Foxfire (safe; 1% risk of failure)
Confirm with . or Enter, or press ? or * to list all spells.
You feel a surge of power!
You conjure some foxfire!
The foxfire hits the gnoll bouda but does no damage.
The gnoll bouda is almost dead.
An electric eel comes into view.
The foxfire hits the gnoll bouda.
You kill the gnoll bouda!
Vehumet accepts your kill.
Casting: Foxfire (safe; 1% risk of failure)
Confirm with . or Enter, or press ? or * to list all spells.
You feel a surge of power!
You conjure some foxfire!
The foxfire hits the gnoll but does no damage. x2
Casting: Foxfire (safe; 1% risk of failure)
Confirm with . or Enter, or press ? or * to list all spells.
You feel a surge of power!
You conjure some foxfire!
The foxfire hits the gnoll but does no damage.
The foxfire hits the gnoll.
The gnoll is moderately wounded.
The electric eel shoots out a bolt of lightning at you!
The bolt of electricity hits you!
The foxfire hits the gnoll.
The gnoll is moderately wounded.
The foxfire hits the gnoll but does no damage.
The gnoll is moderately wounded.
The gnoll drinks a potion.
The gnoll seems to grow stronger.
The gnoll throws a stone.
The stone misses you.
The electric eel shoots out a bolt of lightning at you!
The bolt of electricity hits you!
The electric eel shoots out a bolt of lightning at you!
The bolt of electricity hits you!
* * * LOW HITPOINT WARNING * * *
The electric eel shoots out a bolt of lightning at you!
The bolt of electricity hits you!
* * * LOW HITPOINT WARNING * * *
Casting: Foxfire (safe; 1% risk of failure)
Confirm with . or Enter, or press ? or * to list all spells.
Flames lash the gnoll but do no damage.
The gnoll hits you with a +0 flail!
You die...

.......##8#####8........≈.....
......######..##..##....≈.....
#.#...#..#.#...#.###)...≈.....
###...#..)[..)..........≈...#
###...#..#..).))...)....≈..#
.........##...#.........≈)#
.........8####.8....)...≈g#
...........##.......†...≈..#
.)[......#.###..@g......)...#
[........#.#.#.............(..
....................#.........
..............#.........S.....
...#.#......####..##....≈≈....
)..##.......# #.###.#...≈≈≈..
.......##..#####..# .#.#...
..)....##...#.§..## .. .
#..)#.....#.#.....#


You could see a gnoll (strong, swift).

Vanquished Creatures
  Sigmund (D:2)
  2 water moccasins
  An ice beast (D:5)
  A black bear (D:4)
  2 ogres (D:4)
  A phantom (D:4)
  Blork the orc (D:6)
  An elf zombie (Ossuary)
  A gnoll sergeant (D:6)
  3 scorpions
  2 human zombies (Ossuary)
  2 hounds (D:6)
  2 orc priests (D:6)
  2 gnoll boudas (D:6)
  2 iguanas (D:5)
  6 orc wizards
  A hound zombie (Ossuary)
  4 mummies (Ossuary)
  15 gnolls (D:6)
  6 adders
  2 white imps
  2 adder zombies (Ossuary)
  3 worms
  A dart slug (D:1)
  15 orcs
  8 endoplasms
  A giant cockroach (D:4)
  A gnoll zombie (Ossuary)
  6 goblins
  6 hobgoblins
  4 jackals
  3 quokkas
  10 ball pythons
  7 bats
  4 frilled lizards
  A goblin zombie (Ossuary)
  3 hobgoblin zombies (Ossuary)
  11 kobolds
  An orc zombie (Ossuary)
  4 rats
149 creatures vanquished.

Vanquished Creatures (others)
  400 foxfires
  11 plants (D:5)
411 creatures vanquished.

Grand Total: 560 creatures vanquished

Notes
Turn   | Place    | Note
-------+----------+-------------------------------------------
     0 | D:1      | RevDB the Deep Elf Fire Elementalist began the quest for
                  | the Orb.
     0 | D:1      | Reached XP level 1. HP: 10/10 MP: 6/6
   232 | D:1      | Reached skill level 2 in Conjurations
   238 | D:1      | Reached XP level 2. HP: 13/15 MP: 1/8
  1123 | D:2      | Found Vyhycs's Jewellery Boutique.
  1123 | D:2      | Noticed Sigmund
  1177 | D:2      | Reached skill level 3 in Conjurations
  1276 | D:2      | Reached XP level 3. HP: 13/19 MP: 5/9
  1953 | D:2      | Learned a level 2 spell: Scorch
  1957 | D:2      | Learned a level 3 spell: Conjure Flame
  2009 | D:2      | Killed Sigmund
  2010 | D:2      | Reached skill level 4 in Conjurations
  2010 | D:2      | Reached XP level 4. HP: 24/24 MP: 4/12
  2010 | D:2      | Reached XP level 5. HP: 28/28 MP: 4/13
  2114 | D:3      | Found a basalt altar of Yredelemnul.
  2131 | D:3      | Noticed a water moccasin
  2137 | D:3      | Killed a water moccasin
  2138 | D:3      | Reached skill level 5 in Conjurations
  2138 | D:3      | Reached skill level 5 in Fire Magic
  2138 | D:3      | Reached XP level 6. HP: 25/32 MP: 5/14
  2247 | D:3      | Found a faded altar of an unknown god.
  2697 | D:4      | Learned a level 4 spell: Flame Wave
  2772 | D:4      | Reached XP level 7. HP: 36/36 MP: 5/15
  3094 | D:4      | Upgraded the game from 0.29.0-10-g45618ea6d2 to
                  | 0.29.0-11-gd7f09526c8
  3315 | D:5      | Entered Level 5 of the Dungeon
  3865 | D:5      | Found a glowing golden altar of the Shining One.
  3871 | D:5      | Found an opulent altar of Gozag.
  3872 | D:5      | Found an iron altar of Okawaru.
  3873 | D:5      | Found a hazy altar of Hepliaklqana.
  3884 | D:5      | Became a worshipper of the Shining One
  3889 | D:5      | Found a radiant altar of Vehumet.
  3894 | D:5      | Fell from the grace of the Shining One
  3894 | D:5      | Became a worshipper of Vehumet
  3896 | D:5      | Found a white marble altar of Elyvilon.
  3902 | D:5      | Reached skill level 6 in Conjurations
  3902 | D:5      | Reached XP level 8. HP: 41/41 MP: 11/16
  4315 | D:6      | Reached skill level 7 in Conjurations
  4315 | D:6      | Noticed Blork the orc
  4321 | D:6      | Killed Blork the orc
  4324 | D:6      | Reached skill level 8 in Conjurations
  4327 | D:6      | HP: 2/41 [orc priest/divine providence (16)]
  4643 | D:6      | Found a sand-covered staircase.
  4653 | Ossuary  | Entered an ossuary
  4841 | Ossuary  | Reached skill level 9 in Conjurations
  4938 | D:6      | Reached * piety under Vehumet
  4938 | D:6      | Offered knowledge of Magic Dart by Vehumet.
  5303 | D:6      | Reached XP level 9. HP: 44/45 MP: 12/17
  5322 | D:6      | HP: 1/45 [electric eel/bolt of electricity (8)]
  5324 | D:6      | Mangled by a gnoll

Illustrated notes

Levels and vault maps discovered:
D:1:      dpeg_arrival_water_fire, layout_basic
D:2:      layout_loops_cross, serial_shops, shop, uniq_sigmund
D:3:      layout_rooms, yredelemnul_altar_generic,
          hellmonk_ecumenical_altar_heavens_door, hangedman_decor_peaks_small,
          minmay_unequal
D:4:      layout_loops_ring
D:5:      layout_basic, minitemple, nicolae_zen_rock_garden
D:6:      layout_cave_pools, serial_gnoll_camp, gnoll_camp_mini_hut,
          gnoll_camp_mini_hut, gnoll_camp_mini_hut, gnoll_camp_mini_hut,
          gnoll_camp_huts_moat, lightli_ossuary_entry_decrepit_ruins,
          uniq_blork_the_orc

Skill      XL: |  1  2  3  4  5  6  7  8 |
---------------+-------------------------+-----
Conjurations   | 2 3 4 5 6 9 |  9.9
Fire Magic     | 4 5 7 8 |  8.0
Spellcasting   | 4 |  4.0
Evocations     | 3 |  3.0
Staves         | |  0.7
Dodging        | |  2.4
Stealth        | |  2.4

Action                   |  1- 3 |  4- 6 |  7- 9 || total
-------------------------+-------+-------+-------++-------
Melee: Short sword       |    10 |     4 |       ||    14
       Staff             |       |       |    16 ||    16
 Cast: Foxfire           |    66 |    42 |   127 ||   235
       Scorch            |     2 |     6 |    25 ||    33
       Flame Wave        |       |       |     6 ||     6
       Conjure Flame     |       |       |     1 ||     1
  Use: Scroll            |       |       |     5 ||     5
Armor: Robe              |     1 |       |     4 ||     5
Dodge: Dodged            |     9 |     3 |    34 ||    46
